 Dungeon Crawl Stone Soup version 0.28.0-43-g3370ac3207 (webtiles) character file.

Game seed: 1558794704069968152

283 Peloso the Slasher (level 6, -8/53 HPs)
             Began as a Minotaur Fighter on Mar 19, 2022.
             Was an Initiate of Okawaru.
             Mangled by a wyvern zombie (11 damage)
             ... on level 5 of the Dungeon.
             The game lasted 00:04:43 (3283 turns).

Peloso the Slasher (Minotaur Fighter)               Turns: 3283, Time: 00:04:44

Health: -8/53      AC:  7    Str: 20    XL:     6   Next: 7%
Magic:  5/5        EV:  9    Int:  5    God:    Okawaru [......]
Gold:   122        SH:  5    Dex: 12    Spells: 5/5 levels left

rFire   . . .      SeeInvis .   a - +0 long sword
rCold   . . .      Faith    .   c - +0 buckler
rNeg    . . .      Spirit   .   b - +0 scale mail
rPois   .          Reflect  .   (helmet restricted)
rElec   .          Harm     .   (no cloak)
rCorr   .          Rampage  .   (no gloves)
Will    .....                   (no boots)
Stlth   ..........              (no amulet)
HPRegen 0.17/turn               (no ring)
MPRegen 0.09/turn               (no ring)

@: no status effects
A: horns 2, retaliatory headbutt
a: Renounce Religion


You were on level 5 of the Dungeon.
You worshipped Okawaru.
Okawaru was noncommittal.
You visited 1 branch of the dungeon, and saw 5 of its levels.

You collected 170 gold pieces.
You spent 48 gold pieces at shops.

Inventory:

Hand Weapons
 a - a +0 long sword (weapon)
Armour
 b - a +0 scale mail (worn)
 c - a +0 buckler (worn)
Jewellery
 g - a ring of wizardry
 m - a ring of willpower
 s - a +4 ring of protection
Scrolls
 h - a scroll of amnesia {unknown}
 i - 3 scrolls of silence {unknown}
 j - a scroll of acquirement {unknown}
 n - a scroll of magic mapping {unknown}
 o - a scroll of immolation {unknown}
 q - a scroll of enchant armour {unknown}
 r - a scroll of teleportation {unknown}
Potions
 d - 2 potions of might
 f - a potion of cancellation
 p - a potion of flight


   Skills:
 + Level 4.5 Fighting
 + Level 5.3 Long Blades
 + Level 5.1 Armour
 + Level 1.0 Dodging
 + Level 0.1 Stealth
 + Level 4.4 Shields


You had 5 spell levels left.
You didn't know any spells.
Your spell library contained the following spells:

 Spells                   Type           Power      Damage    Failure   Level
 Anguish                  Hex/Necr       0%         N/A       100%        4
 Passage of Golubria      Tloc           0%         N/A       100%        4
 Yara's Violent Unravell  Hex/Tmut       0%         3d3       100%        5
 Enfeeble                 Hex            0%         N/A       100%        7
 Tukima's Dance           Hex            Unusable   N/A       N/A         3

Dungeon Overview and Level Annotations

Branches:
Dungeon (5/15)
 Temple: D:4-7

Altars:
Cheibriados
Okawaru
Sif Muna
Trog
Wu Jian

Shops:
D:4 (:!


Innate Abilities, Weirdness & Mutations

You have a pair of horns on your head.
You reflexively headbutt those who attack you in melee.


Message History

You headbutt the hound zombie, but do no damage.
The hound zombie closely misses you.
You barely miss the hound zombie.
The hound zombie is moderately damaged.
The hound zombie bites you.
You barely miss the hound zombie.
The hound zombie is moderately damaged.
The hound zombie bites you but does no damage.
You block the hound zombie's attack.
You slash the hound zombie! You headbutt the hound zombie.
The hound zombie is almost destroyed.
The hound zombie bites you but does no damage.
You slash the hound zombie!
You destroy the hound zombie!
Okawaru accepts your kill. The wyvern zombie bites you.
You barely miss the wyvern zombie. You block the wyvern zombie's attack.
You hit the wyvern zombie but do no damage.
You block the wyvern zombie's attack. The wyvern zombie bites you.
You barely miss the wyvern zombie. The wyvern zombie bites you.
You block the wyvern zombie's attack.
You barely miss the wyvern zombie. The wyvern zombie bites you!
You hit the wyvern zombie but do no damage.
The wyvern zombie bites you but does no damage.
You slash the wyvern zombie! Your headbutt misses the wyvern zombie.
The wyvern zombie is lightly damaged.
The wyvern zombie bites you. You block the wyvern zombie's attack.
You hit the wyvern zombie.
The wyvern zombie is moderately damaged.
The wyvern zombie bites you.
You slash the wyvern zombie!
The wyvern zombie is heavily damaged.
The wyvern zombie bites you. x2
* * * LOW HITPOINT WARNING * * *
You slash the wyvern zombie! Your headbutt misses the wyvern zombie.
The wyvern zombie is severely damaged.
The wyvern zombie bites you!
* * * LOW HITPOINT WARNING * * *
The wyvern zombie bites you!
You die...

.....
##...
...#
#..#
#<.#
#.Z#
##Z#
#Z#
#@#
#.#
..#
####


You could see a wyvern zombie, a howler monkey zombie and a bullfrog skeleton.

Vanquished Creatures
  2 orc priests (D:4)
  Jessica (D:3)
  An orc wizard (D:4)
  A hound zombie (D:5)
  6 adders
  3 dart slugs
  9 orcs
  7 endoplasms
  2 giant cockroaches
  8 goblins
  8 hobgoblins
  8 jackals (D:2)
  3 quokkas
  8 ball pythons
  9 bats
  4 frilled lizards
  2 kobolds
  9 rats
91 creatures vanquished.

Notes
Turn   | Place    | Note
-------+----------+-------------------------------------------
     0 | D:1      | Peloso the Minotaur Fighter began the quest for the Orb.
     0 | D:1      | Reached XP level 1. HP: 19/19 MP: 0/0
   100 | D:1      | Reached XP level 2. HP: 24/27 MP: 1/1
   601 | D:2      | Reached XP level 3. HP: 32/33 MP: 2/2
   910 | D:2      | Found a faded altar of an unknown god.
  1008 | D:2      | Found an iron altar of Okawaru.
  1078 | D:2      | Reached XP level 4. HP: 40/40 MP: 3/3
  1668 | D:2      | Became a worshipper of Warmaster Okawaru
  2061 | D:3      | Found an ornate altar of the Wu Jian Council.
  2063 | D:3      | Found a shimmering blue altar of Sif Muna.
  2063 | D:3      | Found a bloodstained altar of Trog.
  2153 | D:3      | Noticed Jessica
  2155 | D:3      | Killed Jessica
  2156 | D:3      | Reached XP level 5. HP: 47/47 MP: 4/4
  2238 | D:4      | Found Wotin's Book Boutique.
  2273 | D:4      | Found Noamile's Weapon Emporium.
  2309 | D:4      | Reached skill level 1 in Dodging
  2599 | D:4      | Reached skill level 5 in Long Blades
  2847 | D:4      | Reached skill level 5 in Armour
  2847 | D:4      | Reached XP level 6. HP: 13/53 MP: 5/5
  3082 | D:4      | Found Jiytu's Distillery.
  3090 | D:4      | Bought a potion of might for 48 gold pieces
  3114 | D:4      | Found a snail-covered altar of Cheibriados.
  3261 | D:5      | Entered Level 5 of the Dungeon
  3283 | D:5      | Mangled by a wyvern zombie

Illustrated notes

Levels and vault maps discovered:
D:1:      evilmike_arrival_plus, layout_rooms
D:2:      layout_loops_cross, basic_altar, basic_ecumenical_altar,
          minmay_cut_off
D:3:      layout_rooms, grunt_temple_overflow_diamond, st_stairs_2, uniq_jessica
D:4:      layout_basic, mainiacjoe_overflow_six_doors_small, serial_shops, shop,
          shop, nicolae_shop_bloodbath_and_beyond
D:5:      layout_basic, serial_undead, serial_undead_c, serial_undead_d,
          serial_undead_a, serial_undead_c, serial_undead_d, serial_undead_a,
          serial_undead_f, serial_undead_d, portal_sewer_entry_c

Skill      XL: |  1  2  3  4  5 |
---------------+----------------+-----
Fighting       | 4 |  4.5
Shields        | 4 |  4.4
Long Blades    | 3 4 5 |  5.3
Armour         | 4 5 |  5.1
Dodging        | 1 |  1.0
Stealth        | |  0.1

Action                   |  1- 3 |  4- 6 || total
-------------------------+-------+-------++-------
Melee: Long sword        |    88 |   127 ||   215
       Headbutt          |    11 |    20 ||    31
  Use: Scroll            |       |     4 ||     4
Armor: Scale mail        |    81 |    45 ||   126
Dodge: Dodged            |    80 |    47 ||   127
Block: Buckler           |    29 |    28 ||    57
